 Dungeon Crawl Stone Soup version 0.31-a0-188-g5e087ee2ca (webtiles) character file.

Game seed: 14238300958040766723

148 qw the Skirmisher (level 5, -11/29 HPs)
             Began as a Deep Elf Hunter on June 23, 2023.
             Mangled by an ogre
             ... wielding a +0 giant spiked club
              (18 damage)
             ... on level 4 of the Dungeon.
             The game lasted 00:00:49 (2605 turns).

qw the Skirmisher (Deep Elf Hunter)                 Turns: 2605, Time: 00:00:50

Health: -11/29     AC: 11    Str: 10    XL:     5   Next: 8%
Magic:  7/7        EV: 12    Int: 14    God:
Gold:   161        SH:  0    Dex: 18    Spells: 4/4 levels left

rFire   . . .        Y - +1 shortbow
rCold   . . .        (shield currently unavailable)
rNeg    . . .        i - +0 leather armour {rPois}
rPois   +            d - +2 helmet
rElec   .            (no cloak)
rCorr   .            f - +0 pair of gloves
SInv    .            (no boots)
Will    .....        (no amulet)
Stlth   ++           g - +4 ring of protection
HPRegen 0.24/turn    (no ring)
MPRegen 0.10/turn

%: no passive effects
@: no status effects
A: no striking features
a: no special abilities


You were on level 4 of the Dungeon.
You visited 1 branch of the dungeon, and saw 4 of its levels.

You collected 245 gold pieces.
You spent 84 gold pieces at shops.


   Skills:
 - Level 1.5 Fighting
 + Level 8.5 Ranged Weapons
 - Level 2.4 Dodging
 - Level 1.2 Stealth


You had 4 spell levels left.
You didn't know any spells.
Your spell library was empty.

Inventory:

Hand Weapons
 Y - a +1 shortbow (weapon)
Armour
 a - a +0 ring mail
 d - a +2 helmet (worn)
 f - a +0 pair of gloves (worn)
 i - a +0 leather armour of poison resistance (worn)
Jewellery
 g - a +4 ring of protection (left hand)
Scrolls
 b - a scroll of identify
Potions
 h - a potion of curing {unknown}
 j - a potion of haste {unknown}

Dungeon Overview and Level Annotations

Branches:
Dungeon (4/15)
 Temple: D:4-7

Altars:
Wu Jian

Shops:
D:3 [


Message History

You shoot an arrow. The arrow closely misses the goblin.
An adder comes into view.
You shoot an arrow. The adder hisses angrily.
The arrow hits the goblin.
You kill the goblin!
You shoot an arrow. The arrow hits the adder!
The adder is almost dead.
An ogre comes into view. It is wielding a +0 giant spiked club.
An orc comes into view. It is wielding a +0 flail.
You shoot an arrow. The arrow closely misses the adder.
The ogre shouts!
The orc shouts!
The arrow hits the orc!
You kill the orc!
You hear a splash. x2
You have reached level 5!
You shoot an arrow. The arrow hits the adder.
You kill the adder!
You shoot an arrow. The arrow hits the ogre.
The ogre is lightly wounded.
An orc comes into view. It is wielding a +0 hand axe.
You shoot an arrow. The orc shouts!
The arrow hits the ogre.
The ogre is lightly wounded.
A ball python comes into view.
You shoot an arrow. The arrow hits the orc.
The orc is heavily wounded.
You shoot an arrow. The arrow barely misses the ogre.
The arrow hits the orc.
The orc is almost dead.
You shoot an arrow. The arrow hits the ogre!
The ogre is heavily wounded.
The ogre hits you with a +0 giant spiked club!!
Ouch! That really hurt!
You shoot an arrow. The arrow closely misses the ogre.
The arrow hits the orc.
You kill the orc!
An orc comes into view. It is wielding a +0 club.
The ogre hits you with a +0 giant spiked club!!
Ouch! That really hurt!
You die...

)~..... .)~....
o)~.... ~~.....
..).. # .S. .#
#O##.#####
#@.......
##########.#.#####
#..........# ..
####.############.#
#....####........ #
#......##.....#
#.......'.....#
#.......#<....#
#....##.####.##


You could see an ogre, an orc (wandering) and a ball python.

Vanquished Creatures
  A hound (D:4)
  An orc wizard (D:3)
  3 adders
  An ufetubus (D:4)
  A dart slug (D:2)
  4 orcs
  4 bats
  2 endoplasms
  3 giant cockroaches
  4 goblins
  6 hobgoblins
  4 jackals (D:1)
  2 quokkas
  2 ball pythons
  A frilled lizard (D:2)
  2 kobolds (D:2)
  21 rats
62 creatures vanquished.

Notes
Turn   | Place    | Note
-------+----------+-------------------------------------------
     0 | D:1      | qw the Deep Elf Hunter began the quest for the Orb.
     0 | D:1      | Reached XP level 1. HP: 12/12 MP: 3/3
     0 | D:1      | 0 ||| qw: Version: 0.3-a-9-g12657ce
     0 | D:1      | 0 ||| qw: Game counter: 3184
     0 | D:1      | 0 ||| qw: Always use a shield: true
     0 | D:1      | 0 ||| qw: God list: Okawaru
     0 | D:1      | 0 ||| qw: Allow faded altars: false
     0 | D:1      | 0 ||| qw: Do Orc after D:15 true
     0 | D:1      | 0 ||| qw: Do second Lair branch before Depths: true
     0 | D:1      | 0 ||| qw: Lair rune preference: random
     0 | D:1      | 0 ||| qw: Plans: Normal
     0 | D:1      | 0 ||| PLANNING D:1-11
   200 | D:1      | Reached XP level 2. HP: 16/16 MP: 4/4
   299 | D:1      | Reached skill level 6 in Ranged Weapons
   774 | D:1      | You fall into a shaft and drop 1 floor!
   793 | D:2      | 793 ||| UPGRADING to +0 pair of gloves.
   798 | D:2      | 798 ||| UPGRADING to +4 ring of protection.
   799 | D:2      | 799 ||| READING scroll labelled CERIRGH FUXT.
   900 | D:2      | 900 ||| READING scroll labelled YWNUSE BEZOTWI.
   901 | D:2      | 901 ||| DROPPING scroll of butterflies.
  1047 | D:2      | Reached XP level 3. HP: 10/20 MP: 5/5
  1403 | D:2      | Found an ornate altar of the Wu Jian Council.
  1566 | D:2      | 1566 ||| UPGRADING to +0 ring mail.
  1576 | D:2      | 1576 ||| DROPPING +0 leather armour.
  1577 | D:2      | 1577 ||| UPGRADING to +2 helmet.
  1582 | D:2      | 1582 ||| READING 2 scrolls of identify.
  1582 | D:2      | 1582 ||| IDENTIFYING sedimented golden potion
  1583 | D:2      | 1583 ||| DROPPING potion of magic.
  1651 | D:3      | Reached skill level 7 in Ranged Weapons
  1787 | D:3      | Reached XP level 4. HP: 17/25 MP: 6/6
  1930 | D:3      | Found Iziruysu's Armour Shop.
  1940 | D:3      | 1940 ||| BUYING +0 leather armour of poison resistance (84
                  | gold).
  1940 | D:3      | Bought a +0 leather armour of poison resistance for 84 gold
                  | pieces
  2179 | D:3      | 2179 ||| UPGRADING to +0 leather armour of poison
                  | resistance.
  2189 | D:3      | 2189 ||| READING scroll labelled HIALUU LACHUCWEIG.
  2190 | D:3      | 2190 ||| READING 2 scrolls of identify.
  2190 | D:3      | 2190 ||| IDENTIFYING grey potion
  2191 | D:3      | 2191 ||| DROPPING potion of invisibility.
  2230 | D:4      | Reached skill level 8 in Ranged Weapons
  2522 | D:4      | 2522 ||| READING scroll labelled TOELUPS ZUOBAHU.
  2523 | D:4      | 2523 ||| READING scroll labelled FIWUSCHO LUTRET.
  2524 | D:4      | 2524 ||| READING scroll labelled MOPROSIN ZITWO.
  2597 | D:4      | Noticed an ogre
  2599 | D:4      | Reached XP level 5. HP: 29/29 MP: 7/7
  2604 | D:4      | HP: 7/29 [ogre/+0 giant spiked club (22)]
  2605 | D:4      | Mangled by an ogre

Levels and vault maps discovered:
D:1:      lightli_arrival_chessboard, layout_loops_corners, serial_forest,
          infiniplex_forest_end_2, infiniplex_forest_fountain,
          infiniplex_forest_clump_small, infiniplex_forest_fountain,
          infiniplex_forest_zigzag_1
D:2:      layout_loops_ring, basic_altar
D:3:      layout_basic, serial_shops, nicolae_shop_statue_plus,
          chequers_arboretum, minmay_gold_behind_fungi, minmay_rat_hole
D:4:      cheibrodos_helix_gallery, layout_basic, nemelex_spade_bored_becter,
          gammafunk_temple_overflow_pools, serial_glass, glass_columns_a,
          glass_columns_a, glass_columns_b, glass_columns_a, glass_columns_a,
          glass_columns_b, item_on_display_a

Skill      XL: |  1  2  3  4 |
---------------+-------------+-----
Ranged Weapons | 6 7 8 |  8.5
Fighting       | |  1.5
Dodging        | |  2.4
Stealth        | |  1.2

Action                     |  1- 3 |  4- 6 || total
---------------------------+-------+-------++-------
   Fire: Shortbow          |   105 |    80 ||   185
    Use: Scroll            |     3 |     5 ||     8
 Armour: Leather armour    |    12 |    27 ||    39
         Ring mail         |     6 |    18 ||    24
  Dodge: Dodged            |    45 |    72 ||   117

Table legend:
 A = Non-vault XP
 B = Vault XP
 C = Vault XP percentage of total XP
 D = Non-vault monster count
 E = Vault monster count
 F = Vault count percentage of total count
                 A         B        C        D         E       F
            +---------+---------+-------+---------+---------+-------
      Total |     193 |      22 |  10.2 |      42 |      20 |  32.3
            +---------+---------+-------+---------+---------+-------
        D:1 |      21 |       0 |   0.0 |      11 |       0 |   0.0
        D:2 |      37 |       0 |   0.0 |      15 |       0 |   0.0
        D:3 |      63 |      20 |  24.1 |      10 |      19 |  65.5
        D:4 |      72 |       2 |   2.7 |       6 |       1 |  14.3
            +---------+---------+-------+---------+---------+-------
